 Dungeon Crawl Stone Soup version 0.21.0-3-g78d12a8 (webtiles) character file.

1176 tilp the Destroyer (level 8, -6/66 HPs)
             Began as a Black Draconian Conjurer on Jan 16, 2018.
             Mangled by Britaniac's ghost (8 damage)
             ... on level 5 of the Dungeon.
             The game lasted 00:15:44 (5062 turns).

tilp the Destroyer (Black Draconian Conjurer)       Turns: 5062, Time: 00:15:45

Health: -6/66      AC:  6    Str: 10    XL:     8   Next: 18%
Magic:  4/12       EV: 13    Int: 18    God:
Gold:   155        SH:  0    Dex: 12    Spells: 10/13 levels left

rFire    . . .     SeeInvis .   i - +1 short sword (elec)
rCold    . . .     Gourm    .   (no shield)
rNeg     . . .     Faith    .   (armour unavailable)
rPois    .         Spirit   .   (helmet restricted)
rElec    +         Reflect  .   (no cloak)
rCorr    .         Harm     .   (no gloves)
MR       .....                  (no boots)
Stlth    ++........             (no amulet)
HPRegen  0.21/turn              (no ring)
MPRegen  0.13/turn              (no ring)

@: very slightly contaminated, slowed, very slow
A: breathe lightning, unfitting armour, electricity resistance, cold-blooded, AC
+6
a: Breathe Lightning


You were on level 5 of the Dungeon.
You were not hungry.

You visited 1 branch of the dungeon, and saw 5 of its levels.

You collected 155 gold pieces.

Inventory:

Hand Weapons
 i - a +1 short sword of electrocution (weapon)
 p - a +2 dagger of electrocution
Missiles
 c - 39 sling bullets
 e - 62 stones
 n - 21 arrows
 r - 5 tomahawks (quivered)
 y - 4 steel tomahawks
Jewellery
 g - an uncursed amulet of magic regeneration
 v - an uncursed ring of resist corrosion {unknown}
 w - an uncursed amulet of harm
Wands
 z - a wand of disintegration (16)
Scrolls
 l - 3 scrolls of remove curse
 x - 2 scrolls of teleportation
 A - a scroll of vulnerability
 B - a scroll of blinking
 D - a scroll of immolation {unknown}
Potions
 d - a potion of curing
 f - a potion of ambrosia {unknown}
 h - a potion of magic {unknown}
 j - a potion of heal wounds
 k - a potion of berserk rage
 m - a potion of might {unknown}
 o - a potion of agility {unknown}
 q - a potion of mutation {unknown}
 s - a potion of haste {unknown}
 t - a potion of invisibility {unknown}
 u - a potion of lignification {unknown}
Books
 a - a book of Conjurations

   Spells                             Type                      Level
   a - Magic Dart                     Conjuration                  1
   b - Searing Ray                    Conjuration                  2
   c - Dazzling Spray                 Conjuration/Hexes            3
   d - Fulminant Prism                Conjuration/Hexes            4
   e - Force Lance                    Conjuration/Translocation    4
   f - Iskenderun's Mystic Blast      Conjuration                  4
Comestibles
 b - 6 rations
 C - 4 chunks of flesh


   Skills:
 * Level 4.2 Fighting
 + Level 3.2 Dodging
 + Level 3.3 Stealth
 + Level 3.2 Spellcasting
 - Level 8.2 Conjurations


You had 10 spell levels left.
You knew the following spells:

 Your Spells              Type           Power        Failure   Level  Hunger
a - Magic Dart            Conj           ####         1%          1    None
b - Searing Ray           Conj           ####..       1%          2    ##.....


Dungeon Overview and Level Annotations

Branches:
Dungeon (5/15)
 Temple: D:4-7

Altars:
Cheibriados
Hepliaklqana
Makhleb
Nemelex Xobeh

Annotations:
D:5 Britaniac's ghost, amateur MfIE


Innate Abilities, Weirdness & Mutations

You can breathe wild blasts of lightning.
Your glossy black scales are hard. (AC +6)
You cannot fit into any form of body armour.
You are resistant to electric shocks. (rElec)
You are cold-blooded and may be slowed by cold attacks.


Message History

Unknown command.
You hit Britaniac's ghost but do no damage.
Britaniac's ghost is heavily damaged.
Britaniac's ghost hits you.
* * * LOW HITPOINT WARNING * * *
Britaniac's ghost hits you!
* * * LOW HITPOINT WARNING * * *
Unknown command.
Blink to where?
Press: ? - help, Dir - move target cursor, p - Britaniac's ghost You are very lightly contaminated with residual magic.
As you read the scroll of blinking, it crumbles to dust.
The phantom blinks!
The phantom barely misses you. x2
The phantom blinks! x2
The phantom blinks!
Britaniac's ghost hits you.
* * * LOW HITPOINT WARNING * * *
Britaniac's ghost hits you!
You die...

..#...#.#.....
#.#...........
#.#...#.####..
#.........###.
#.[.......#...
######.#.......#.#.
#...)<.[[.........>
#..###)#.....###..#
##@###....##......#
#.W.....#####....#
..#....)#######..#.†
#............##..##.
...............##..###
...#............#......
.# ##........W....#....
....................
.....................


You could see a phantom and Britaniac's ghost.

Vanquished Creatures
  Sigmund (D:3)
  2 water moccasins (D:5)
  A sky beast (D:5)
  A crimson imp (D:5)
  2 hounds
  6 orc priests
  An iguana (D:5)
  3 orc wizards
  3 worker ants
  3 gnolls (D:5)
  11 adders
  A shadow imp (D:5)
  An ooze (D:2)
  An adder skeleton (D:4)
  2 worms
  2 dart slugs
  A leopard gecko (D:3)
  25 orcs
  7 bats
  4 giant cockroaches
  8 goblins
  6 hobgoblins
  6 jackals
  10 kobolds
  3 quokkas
  7 frilled lizards
  A jackal skeleton (D:5)
  A leopard gecko skeleton (D:4)
  7 rats
127 creatures vanquished.

Vanquished Creatures (others)
  A quokka (D:5)
1 creature vanquished.

Grand Total: 128 creatures vanquished

Notes
Turn   | Place    | Note
-------+----------+-------------------------------------------
     0 | D:1      | tilp the Draconian Conjurer began the quest for the Orb.
     0 | D:1      | Reached XP level 1. HP: 14/14 MP: 3/3
   310 | D:1      | Reached XP level 2. HP: 20/20 MP: 0/5
   317 | D:1      | Learned a level 2 spell: Searing Ray
  1007 | D:2      | Reached skill level 5 in Conjurations
  1026 | D:2      | Reached XP level 3. HP: 17/26 MP: 6/6
  1455 | D:2      | Reached XP level 4. HP: 33/33 MP: 4/7
  1520 | D:2      | Found a hazy altar of Hepliaklqana.
  1801 | D:2      | Found a burning altar of Makhleb.
  1936 | D:2      | Reached skill level 6 in Conjurations
  2110 | D:3      | Reached XP level 5. HP: 35/38 MP: 5/8
  2361 | D:3      | Noticed Sigmund
  2610 | D:3      | Reached skill level 7 in Conjurations
  2755 | D:3      | Reached XP level 6. HP: 23/45 MP: 1/9
  3389 | D:3      | Found a snail-covered altar of Cheibriados.
  3468 | D:3      | Killed Sigmund
  3468 | D:3      | Reached skill level 8 in Conjurations
  3621 | D:4      | Found a sparkling altar of Nemelex Xobeh.
  3681 | D:4      | Reached skill level 1 in Fighting
  3681 | D:4      | Your scales start taking on a glossy black colour.
  3681 | D:4      | Reached XP level 7. HP: 52/52 MP: 3/10
  3681 | D:4      | Gained mutation: You are resistant to electric shocks. (rElec) [Black Draconian growth]
  4286 | D:5      | Entered Level 5 of the Dungeon
  4706 | D:5      | Reached XP level 8. HP: 66/66 MP: 7/12
  5024 | D:5      | Noticed Britaniac's ghost (amateur MfIE)
  5061 | D:5      | HP: 1/66 [Britaniac's ghost (6)]
  5062 | D:5      | Mangled by Britaniac's ghost

Skill      XL: |  1  2  3  4  5  6  7 |
---------------+----------------------+-----
Conjurations   | 5 6 7 8 |  8.2
Fighting       | 1 4 |  4.2
Dodging        | 2 3 |  3.2
Stealth        | 2 3 |  3.3
Spellcasting   | 3 |  3.2

Action                   |  1- 3 |  4- 6 |  7- 9 || total
-------------------------+-------+-------+-------++-------
Melee: Unarmed           |     2 |       |       ||     2
       Short sword       |    40 |    67 |    91 ||   198
       Dagger            |     1 |       |       ||     1
       Tailslap          |     5 |     5 |     6 ||    16
 Cast: Magic Dart        |    40 |    22 |     9 ||    71
       Searing Ray       |     5 |    19 |    18 ||    42
 Abil: Breathe Lightning |       |       |     1 ||     1
  Use: Scroll            |       |     8 |     4 ||    12
       Potion            |       |       |     2 ||     2
 Stab: Sleeping          |     1 |     1 |     1 ||     3
  Eat: Chunk             |     3 |     8 |     6 ||    17
Armor: Skin              |    12 |    14 |    31 ||    57
Dodge: Dodged            |    40 |    43 |    59 ||   142
